 Dungeon Crawl Stone Soup version 0.25-a0-346-g140ab784a8 (webtiles) character file.

Game seed: 16453489722250605087, levelgen mode: deterministic

447201 PentaManta the Tortoise (level 24, -4/164 HPs)
             Began as a Gargoyle Fighter on Jan 1, 2020.
             Was the Champion of Okawaru.
             Killed from afar by a frost giant (31 damage)
             ... with a bolt of cold
             ... on level 5 of the Vaults.
             The game lasted 03:35:29 (48206 turns).

PentaManta the Tortoise (Gargoyle Fighter)         Turns: 48206, Time: 03:35:46

Health: -4/164     AC: 72    Str: 42    XL:     24   Next: 22%
Magic:  23/23      EV: 19    Int: 18    God:    Okawaru [******]
Gold:   1930       SH: 32    Dex:  9    Spells: 19/23 levels left

rFire    . . .     SeeInvis +   N - +12 broad axe "Dezihed" {chop, +Inv rElec Str+4}
rCold    . . .     Gourm    .   B - +6 large shield {reflect}
rNeg     + . .     Faith    .   h - +12 crystal plate armour "Enedy" {Int+4}
rPois    ∞         Spirit   .   K - +2 hat of Untruth {Str+4 Slay+3}
rElec    +         Reflect  +   x - +2 cloak of the Valley of Death {rElec Regen+ rCorr}
rCorr    +         Harm     .   j - +3 pair of gloves "Muoggakh" {+Inv SInv}
MR       ++++.     NoTele   +   S - +2 pair of boots of the Assassin {Detection Stab+ Stlth++}
Stlth    ..........             G - amulet of Entrepreneurial Spirit {+Rage Str+5 Int-4}
HPRegen  0.77/turn              a - ring of Duuf {-Tele MR+++ Str-2 Int+8 SInv}
MPRegen  0.18/turn              X - +5 ring of evasion

@: flying
A: big wings, negative energy resistance 1, electricity resistance, unbreathing,
petrification resistance, rot immunity, AC +18
}: 2/15 runes: decaying, serpentine
a: Stop Flying, Heroism, Finesse, Renounce Religion, Evoke Berserk Rage, Evoke
Invisibility


You were on level 5 of the Vaults.
You worshipped Okawaru.
Okawaru was exalted by your worship.
You were hungry.

You visited 8 branches of the dungeon, and saw 40 of its levels.
You visited the Abyss 1 time.
You visited 1 bazaar.
You also visited: Volcano and Desolation.

You collected 5291 gold pieces.
You spent 3361 gold pieces at shops.

Inventory:

Hand Weapons
 p - a +5 broad axe of protection
 y - a +1 antimagic executioner's axe
 N - the +12 broad axe "Dezihed" (weapon) {chop, +Inv rElec Str+4}
   (Okawaru gifted it to you on level 4 of the Vaults)

   It inflicts extra damage upon your enemies.
   It affects your strength (+4).
   It insulates you from electricity.
   It lets you turn invisible.
 Z - a +9 demon whip of electrocution
Missiles
 s - 8 throwing nets (quivered)
Armour
 h - the +12 crystal plate armour "Enedy" (worn) {Int+4}
   (You found it in the Desolation of Salt)

   It affects your intelligence (+4).
 j - the +3 pair of gloves "Muoggakh" (worn) {+Inv SInv}
   (Okawaru gifted it to you on level 3 of the Vaults)

   It lets you see invisible.
   It lets you turn invisible.
 x - the +2 cloak of the Valley of Death (worn) {rElec Regen+ rCorr}
   (Okawaru gifted it to you in the Desolation of Salt)

   It insulates you from electricity.
   It increases your rate of regeneration.
   It provides partial protection from all sources of acid and corrosion.
 B - a +6 large shield of reflection (worn)
 H - a scarf of resistance
 K - the +2 hat of Untruth (worn) {Str+4 Slay+3}
   (Okawaru gifted it to you on level 1 of the Snake Pit)

   It affects your strength (+4).
   It affects your accuracy and damage with ranged weapons and melee attacks
   (+3).
 S - the +2 pair of boots of the Assassin (worn) {Detection Stab+ Stlth++}
   (You found it in the Desolation of Salt)

   It makes you much more stealthy.
 Y - the +2 helmet of Death's Door {rF+ MR+ Str+5 Dex-5}
   (You found it on level 7 of the Dungeon)

   It affects your strength (+5).
   It affects your dexterity (-5).
   It protects you from fire.
   It affects your resistance to hostile enchantments.
Jewellery
 a - the ring of Duuf (left hand) {-Tele MR+++ Str-2 Int+8 SInv}
   (You bought it in a shop on level 3 of the Vaults)

   [ring of see invisible]

   It affects your strength (-2).
   It affects your intelligence (+8).
   It affects your resistance to hostile enchantments.
   It lets you see invisible.
   It prevents most forms of teleportation.
 e - an uncursed ring of protection from cold
 g - the ring "Fetaxkod" {Wiz +Blink rF+ Dex+3}
   (You bought it in a shop on level 2 of the Snake Pit)

   [ring of wizardry]

   It improves your spell success rate.
   It affects your dexterity (+3).
   It protects you from fire.
   It lets you blink.
 l - an uncursed ring of positive energy
 G - the amulet of Entrepreneurial Spirit (around neck) {+Rage Str+5 Int-4}
   (You found it on level 6 of the Dungeon)

   [amulet of rage]

   It affects your strength (+5).
   It affects your intelligence (-4).
   It lets you go berserk.
 I - the ring "Guit" {*Slow rElec rF+++ MR++ MP+9}
   (You bought it in a shop on level 3 of the Vaults)

   [ring of magical power]

   It renders you almost immune to fire.
   It insulates you from electricity.
   It affects your resistance to hostile enchantments.
   It affects your magic capacity (+9).
   It may slow you when you take damage.
 J - the ring "Ocwisa Wuew" {Wiz rC+ Str+3}
   (You took it off a deep elf demonologist on level 3 of the Elven Halls)

   [ring of wizardry]

   It improves your spell success rate.
   It affects your strength (+3).
   It protects you from cold.
 U - an uncursed ring of positive energy
 X - a +5 ring of evasion (right hand)
Wands
 z - a wand of polymorph (9)
 O - a wand of random effects (27)
 P - a wand of acid (56)
 R - a wand of clouds (16)
 V - a wand of iceblast (32)
 W - a wand of digging (4)
Scrolls
 i - 8 scrolls of identify
 k - 22 scrolls of remove curse
 m - 16 scrolls of teleportation
 n - a scroll of enchant weapon
 u - a scroll of blinking
 D - 5 scrolls of fog
 F - 7 scrolls of magic mapping
 Q - 6 scrolls of fear
Potions
 b - 6 potions of haste
 d - 9 potions of might
 o - 13 potions of lignification
 q - 6 potions of resistance
 r - 8 potions of cancellation
 v - 5 potions of berserk rage
 w - 5 potions of invisibility
 A - 3 potions of mutation
 C - 3 potions of brilliance
 E - 3 potions of agility
 L - 4 potions of magic
 M - 9 potions of curing
 T - a potion of heal wounds
Miscellaneous
 t - 2 phantom mirrors
Comestibles
 f - 51 rations


   Skills:
 + Level 20.6 Fighting
 - Level 15.9(16.0) Axes
 - Level 3.8(12.1) Maces & Flails
 - Level 5.0 Throwing
 + Level 20.6 Armour
 + Level 16.4 Dodging
 + Level 19.1 Shields


You had 19 spell levels left.
You knew the following spells:

 Your Spells              Type           Power        Failure   Level  Hunger
a - Confusing Touch       Hex            #.....       94%         1    ##.....
b - Swiftness             Chrm/Air       #.......     98%         2    ###....
c - Apportation           Tloc           #.....       94%         1    ##.....

Your spell library contained the following spells:

 Spells                   Type           Power        Failure   Level  Hunger
 Animate Skeleton         Necr           N/A          94%         1    ##.....
 Beastly Appendage        Tmut           #.....       94%         1    ##.....
 Corona                   Hex            #......      94%         1    ##.....
 Foxfire                  Conj/Fire      #...         94%         1    ##.....
 Freeze                   Ice            #...         94%         1    ##.....
 Sandblast                Erth           #.....       94%         1    ##.....
 Shock                    Conj/Air       #...         94%         1    ##.....
 Sting                    Tmut/Pois      #...         94%         1    ##.....
 Summon Butterflies       Summ           #.......     94%         1    ##.....
 Summon Small Mammal      Summ           #...         94%         1    ##.....
 Blink                    Tloc           N/A          98%         2    ###....
 Ensorcelled Hibernation  Hex/Ice        #.....       98%         2    ###....
 Passwall                 Tmut/Erth      #.......     98%         2    ###....
 Poisonous Vapours        Pois/Air       #.....       98%         2    ###....
 Slow                     Hex            #.......     98%         2    ###....
 Call Canine Familiar     Summ           #.......     100%        3    ####...
 Confuse                  Hex            #.......     100%        3    ####...
 Gell's Gravitas          Tloc           #.........   100%        3    ####...
 Ignite Poison            Fire/Tmut/Pois #.......     100%        3    ####...
 Inner Flame              Hex/Fire       #.......     100%        3    ####...
 Lesser Beckoning         Tloc           #.........   100%        3    ####...
 Mephitic Cloud           Conj/Pois/Air  #.......     100%        3    ####...
 Ozocubu's Armour         Chrm/Ice       #.......     100%        3    ####...
 Portal Projectile        Hex/Tloc       #.....       100%        3    ####...
 Recall                   Summ/Tloc      N/A          100%        3    ####...
 Spectral Weapon          Hex/Chrm       #.......     100%        3    ####...
 Static Discharge         Conj/Air       #.......     100%        3    ####...
 Stone Arrow              Conj/Erth      #.....       100%        3    ####...
 Tukima's Dance           Hex            #.......     100%        3    ####...
 Airstrike                Air            #.........   100%        4    #####..
 Cause Fear               Hex            #.........   100%        4    #####..
 Fulminant Prism          Conj/Hex       #.........   100%        4    #####..
 Hailstorm                Conj/Ice       #.......     100%        4    #####..
 Iskenderun's Mystic Bla  Conj/Tloc      #.......     100%        4    #####..
 Leda's Liquefaction      Hex/Erth       #.........   100%        4    #####..
 Olgreb's Toxic Radiance  Pois           #.......     100%        4    #####..
 Petrify                  Tmut/Erth      #.......     100%        4    #####..
 Sticky Flame             Conj/Fire      #.......     100%        4    #####..
 Summon Ice Beast         Ice/Summ       #.......     100%        4    #####..
 Alistair's Intoxication  Tmut/Pois      #.......     100%        5    ######.
 Bolt of Magma            Conj/Fire/Erth #.........   100%        5    ######.
 Borgnjor's Vile Clutch   Necr/Erth      #.........   100%        5    ######.
 Fireball                 Conj/Fire      #.........   100%        5    ######.
 Iskenderun's Battlesphe  Conj/Chrm      #.......     100%        5    ######.
 Lee's Rapid Deconstruct  Erth           #.........   100%        5    ######.
 Lightning Bolt           Conj/Air       #.........   100%        5    ######.
 Metabolic Englaciation   Hex/Ice        #.........   100%        5    ######.
 Silence                  Hex/Air        #.........   100%        5    ######.
 Summon Mana Viper        Hex/Summ       #.......     100%        5    ######.
 Yara's Violent Unravell  Hex/Tmut       #.........   100%        5    ######.
 Conjure Ball Lightning   Conj/Air       #.........   100%        6    #######
 Darkness                 Hex            #.........   100%        6    #######
 Deflect Missiles         Chrm/Air       #.........   100%        6    #######
 Invisibility             Hex            #.......     100%        6    #######
 Iron Shot                Conj/Erth      #.........   100%        6    #######
 Shadow Creatures         Summ           N/A          100%        6    #######
 Dragon Form              Tmut           #.........   100%        7    #######
 Orb of Destruction       Conj           #.........   100%        7    #######
 Spellforged Servitor     Conj/Summ      #.........   100%        7    #######
 Summon Hydra             Summ           #.........   100%        7    #######
 Discord                  Hex            #.........   100%        8    #######
 Dragon's Call            Summ           #.........   100%        9    #######
 Statue Form              Tmut/Erth      Unusable     N/A         6    N/A

Dungeon Overview and Level Annotations

Branches:
Dungeon (15/15)            Temple (1/1) D:6            Lair (6/6) D:10
  Swamp (4/4) Lair:3        Snake (4/4) Lair:3        Slime (0/5) Lair:6
    Orc (2/2) D:9             Elf (3/3) Orc:2        Vaults (5/5) D:14
  Crypt (0/3) Vaults:3     Depths (0/5) D:15        Volcano (visited)
Desolation (visited)

Altars:
Ashenzari
Cheibriados
Dithmenos
Elyvilon
Fedhas
Gozag
Hepliaklqana
Kikubaaqudgha
Makhleb
Nemelex Xobeh
Okawaru
Qazlal
Ru
Sif Muna
Trog
Uskayaw
Vehumet
Wu Jian
Xom
Yredelemnul
Zin
The Shining One
Jiyva

Shops:
D:4 (   D:9 (   Orc:2 [*(*   Snake:1 =   Snake:2 =   Snake:4 [   Vaults:2 =
Vaults:3 }=:*   Vaults:4 *

Annotations:
Vaults:5 Frederick


Innate Abilities, Weirdness & Mutations

You are resistant to torment.
Your stone body is resilient. (AC +18)
You are immune to poison.
Your large and strong wings let you fly indefinitely.
You resist negative energy. (rN+)
You are resistant to electric shocks. (rElec)
You can survive without breathing.
You are immune to petrification.
You are immune to rotting.


Message History

The tengu reaver conjures a globe of magical energy!
The frost giant casts a spell at you. The bolt of cold hits you!!!
A battlesphere comes into view.
Press: ? - help, v - describe, . - travel
Here: Frederick, wielding a +0 double sword of holy wrath and wearing a +1 chain mail of poison resistance The floor.
Unknown command.
Press: ? - help, v - describe, . - travel, g - get item
Here: a spellforged servitor (summoned)
A stone.
An escape hatch in the ceiling.
Unknown command.
Frederick says, "I've killed five 'adventurers' today.
Will you be the sixth?"
The spellforged servitor gestures at you while chanting.
The iron shot hits you!!!
* * * LOW HITPOINT WARNING * * *
The frost giant gestures at you while chanting.
The bolt of cold hits you!!
You die...

......###....#..
....(...#....#.#
......))#....#p#
#...(#.../#(###^.
#..)(.....([(...
#######(....(..#####
......(.(.)(........
.........(<8........
..(...[.)<)@C.......
........)[<<@.(.....
#######Q)).....#####
.....*((........#
......).#....#.#(#
........#....##.#.#
........#...?# #.##
#.(.(...#....# ##
#+......#....#


You could see Frederick, an ironheart preserver, a frost giant, a tengu reaver,
a spellforged servitor and a battlesphere.

Vanquished Creatures
  Mara (Snake:3)
  2 golden dragons
  Nikola (Swamp:1)
  A bone dragon (Abyss:2)
  A tentacled monstrosity (Vaults:4)
  2 liches
  A deep elf blademaster (Elf:2)
  4 deep elf master archers
  A titan (Vaults:5)
  2 sphinxes
  4 thorn hunters (Swamp:3)
  Agnes (Snake:2)
  3 tengu reavers
  A storm dragon (shapeshifter) (Vaults:2)
  4 nagarajas
  3 fire giants
  3 iron dragons
  4 imperial myrmidons (Desolation)
  15 vault wardens
  8 deep elf sorcerers
  Aizul (Vaults:4)
  3 war gargoyles
  2 deep elf elementalists
  12 ironheart preservers
  A ghoul (Vaults:4)
  8 very ugly things
  4 stone giants
  6 deep elf demonologists
  A halazid warlock (Desolation)
  Azrael (Elf:1)
  A red draconian (Volcano)
  8 deep elf annihilators
  3 ettins
  A crystal guardian (Desolation)
  2 death oozes (Swamp:4)
  An ettin (shapeshifter) (Vaults:4)
  The ghost of BritishOli the Carver, a journeyman DsMo of Okawaru (Lair:1)
  6 deep elf death magi
  2 green deaths (Swamp:4)
  Josephine (D:14)
  Erolcha (D:13)
  6 yaktaur captains
  33 vault guards
  3 fire dragons
  10 deep elf high priests
  3 great orbs of eyes (Abyss:2)
  12 servants of whispers (Desolation)
  Harold (D:7)
  6 ragged hierophants (Desolation)
  An ice dragon (D:13)
  8 peacekeepers (Desolation)
  24 hydras
  20 naga warriors
  5 ghost crabs
  A hell beast (Swamp:4)
  A rakshasa (Vaults:3)
  10 anacondas
  2 shambling mangroves (Swamp:3)
  7 centaur warriors
  A death yak (shapeshifter) (D:14)
  A catoblepas (Lair:5)
  14 ogre magi
  13 alligators
  3 death knights
  A tengu warrior (D:13)
  22 dancing weapons
  41 two-headed ogres
  5 orc high priests (Orc:2)
  5 thrashing horrors
  5 death yaks (Lair:6)
  10 naga sharpshooters
  7 shock serpents
  23 deep elf knights
  Sonja (Lair:1)
  An iron troll (shapeshifter) (Vaults:5)
  3 shadow wraiths
  7 skeletal warriors
  3 wizards
  A salamander mystic (Snake:3)
  3 flayed ghosts
  4 unseen horrors
  2 sea snakes (Snake:2)
  5 deep trolls
  3 spriggan druids
  The ghost of qipq the Thaumaturge, a novice OpVM (D:6)
  10 deep elf archers
  6 naga ritualists
  An orange crystal statue (Vaults:2)
  3 swamp dragons
  2 glowing orange brains (Vaults:3)
  The ghost of AnimeWaifu the Spear-Bearer, a novice OpGl of Ru (D:8)
  10 harpies
  21 ironbrand convokers
  4 phantasmal warriors
  2 orc sorcerers
  14 orc knights
  70 deep elf magi
  10 mana vipers
  15 salamanders
  22 ugly things
  3 wolf spiders
  6 cyclopes
  A salamander (shapeshifter) (D:15)
  2 manticores (D:15)
  2 oklob plants (Swamp:3)
  10 guardian serpents
  A moth of wrath (shapeshifter) (Elf:3)
  3 centaur zombies
  17 vault sentinels
  2 molten gargoyles (Desolation)
  A black mamba (shapeshifter) (Vaults:5)
  30 black mambas
  A torpor snail (Lair:6)
  An apocalypse crab (Abyss:2)
  29 naga magi
  3 orange demons (Swamp:4)
  31 spiny frogs
  6 komodo dragons
  A spiny frog (shapeshifter) (D:13)
  A rime drake (Lair:2)
  8 freezing wraiths
  The ghost of astraldaughter the Skirmisher, an amateur OgMo of Sif Muna (D:4)
  A rime drake (shapeshifter) (Vaults:3)
  46 yaktaurs
  A demonic crawler (Abyss:2)
  A kobold demonologist (D:13)
  An efreet (D:15)
  An ancient zyme (Abyss:2)
  2 tengu conjurers
  A polar bear (shapeshifter) (Vaults:4)
  A polar bear (Lair:3)
  3 trolls
  12 tyrant leeches
  2 wind drakes (shapeshifter)
  70 saltlings
  8 hornets
  A large abomination (Abyss:2)
  7 hippogriffs
  34 slime creatures
  33 blink frogs
  11 bog bodies
  2 dream sheep (shapeshifter)
  A frost giant simulacrum (Vaults:3)
  5 dream sheep (Lair:6)
  A fire giant simulacrum (Vaults:2)
  2 air elementals
  2 spriggans
  10 wraiths
  A vampire (D:10)
  6 water elementals
  3 small abominations
  17 yaks
  6 shadows
  A wyvern (D:9)
  3 basilisks
  A hog (shapeshifter) (Vaults:1)
  4 fire elementals (Elf:1)
  A human (D:3)
  4 hungry ghosts
  A yaktaur simulacrum (Vaults:3)
  A steam dragon (Lair:2)
  A neqoxec (Abyss:2)
  32 vampire mosquitoes
  2 wargs
  10 insubstantial wisps
  19 swamp worms
  49 nagas
  11 swamp drakes
  5 acid dragons
  18 water moccasins
  2 hell hounds (Elf:1)
  5 porcupines
  41 orc warriors
  5 sky beasts
  An ettin simulacrum (Vaults:2)
  7 phantoms
  5 ice beasts
  4 black bears
  An eye of draining (D:10)
  2 eyes of draining (shapeshifter)
  10 centaurs
  7 boggarts
  35 ogres
  9 crocodiles
  12 big kobolds
  26 bullfrogs
  A gnoll sergeant (D:10)
  A wyvern zombie (D:12)
  2 earth elementals
  3 wyvern skeletons
  A scorpion (shapeshifter) (D:14)
  5 scorpions
  35 killer bees
  6 wights
  2 electric eels
  2 howler monkeys
  7 crimson imps
  A bullfrog zombie (D:10)
  3 quasits
  8 hounds
  9 jellies
  A human zombie (D:3)
  4 bullfrog skeletons
  A centaur skeleton (D:9)
  30 orc priests
  4 iguanas
  27 orc wizards
  16 worker ants
  Natasha (thrice) (D:2)
  3 hound skeletons
  2 worker ant zombies
  21 adders
  8 gnolls
  A howler monkey skeleton (D:4)
  6 shadow imps
  A white imp (Abyss:2)
  An adder zombie (D:10)
  7 worms
  3 dart slugs
  3 leopard geckos
  96 orcs
  3 giant cockroaches
  5 hobgoblins
  17 jackals
  10 kobolds
  A quokka (D:2)
  3 ball pythons
  6 bats
  6 frilled lizards
  7 goblins
  A quokka skeleton (D:5)
  8 rats
  18 briar patches (Swamp:3)
  A bush (Lair:6)
  4 fungi
  7 plants
1865 creatures vanquished.

Vanquished Creatures (others)
  A vault warden (Vaults:5)
  2 stone giants
  3 yaktaur captains
  A naga sharpshooter (Snake:4)
  A deep elf knight (Vaults:3)
  A naga ritualist (Snake:3)
  A deep elf archer (Vaults:5)
  A vault sentinel (Vaults:5)
  6 yaktaurs
  A slime creature (Swamp:2)
  An orc warrior (Orc:2)
  An ogre (Vaults:5)
  An orc (Orc:2)
  2 briar patches (Swamp:3)
  A bush (Lair:6)
  13 fungi
  A lurking horror (Abyss:2)
  17 plants
  2 starspawn tentacles (Abyss:2)
57 creatures vanquished.

Grand Total: 1922 creatures vanquished

Notes
Turn   | Place    | Note
-------+----------+-------------------------------------------
     0 | D:1      | PentaManta the Gargoyle Fighter began the quest for the
                  | Orb.
     0 | D:1      | Reached XP level 1. HP: 14/14 MP: 1/1
   141 | D:1      | Reached XP level 2. HP: 18/19 MP: 2/2
   297 | D:1      | Reached XP level 3. HP: 18/23 MP: 3/3
   860 | D:2      | Noticed Natasha
   902 | D:2      | Killed Natasha
   902 | D:2      | Reached XP level 4. HP: 15/28 MP: 4/4
  1096 | D:2      | Noticed Natasha
  1108 | D:2      | Killed Natasha
  1396 | D:2      | Noticed an ogre
  1423 | D:2      | Killed an ogre
  1423 | D:2      | Reached skill level 5 in Axes
  1423 | D:2      | Reached XP level 5. HP: 21/32 MP: 5/5
  1470 | D:2      | Noticed Natasha
  1484 | D:2      | Killed Natasha
  1587 | D:2      | Found a glowing silver altar of Zin.
  1594 | D:2      | Reached XP level 6. HP: 37/37 MP: 6/6
  1866 | D:3      | Found a runed translucent door.
  1867 | D:3      | Noticed a human
  1888 | D:3      | Found a basalt altar of Yredelemnul.
  1958 | D:3      | Killed a human
  2155 | D:3      | Found an opulent altar of Gozag.
  2492 | D:3      | Noticed a moth of wrath
  2495 | D:3      | Found a bloodstained altar of Trog.
  3021 | D:4      | Found a transporter.
  3141 | D:4      | Reached XP level 7. HP: 36/41 MP: 7/7
  3565 | D:4      | You fall into a shaft and drop 2 floors!
  3668 | D:5      | Entered Level 5 of the Dungeon
  3696 | D:4      | Found a transporter.
  3838 | D:4      | Noticed astraldaughter's ghost (amateur OgMo)
  4018 | D:4      | Found Sebitew's Weapon Shop.
  4066 | D:4      | Bought a +2 hand axe of venom for 202 gold pieces
  5081 | D:5      | Found a sacrificial altar of Ru.
  5082 | D:5      | Found an ornate altar of the Wu Jian Council.
  5142 | D:5      | Reached XP level 8. HP: 39/46 MP: 8/8
  5659 | D:6      | Got a steaming diamond amulet
  5667 | D:6      | Identified the amulet of Entrepreneurial Spirit {+Rage
                  | Str+5 Int-4} (You found it on level 6 of the Dungeon)
  5767 | D:6      | Found a runed translucent gate.
  5767 | D:6      | Noticed qipq's ghost (novice OpVM)
  5768 | D:6      | Found a runed translucent gate.
  5768 | D:6      | Found a runed translucent gate.
  5768 | D:6      | Identified the +4 dagger of Calamity {drain, Dex+6}
  5778 | D:6      | Found a staircase to the Ecumenical Temple.
  5793 | Temple   | Entered the Ecumenical Temple
  5979 | Temple   | Became a worshipper of Warmaster Okawaru
  6205 | D:7      | Reached skill level 10 in Axes
  6226 | D:7      | Noticed Harold
  6395 | D:7      | Killed Harold
  6395 | D:7      | Reached * piety under Okawaru
  6395 | D:7      | Reached XP level 9. HP: 36/51 MP: 9/9
  6851 | D:7      | Found a shimmering altar of Xom.
  7054 | D:7      | Got a heavily runed helmet
  7063 | D:7      | Identified the +2 helmet of Death's Door {rF+ MR+ Str+5
                  | Dex-5} (You found it on level 7 of the Dungeon)
  7173 | D:8      | Reached ** piety under Okawaru
  7346 | D:8      | Noticed a two-headed ogre
  7373 | D:8      | Killed a two-headed ogre
  7373 | D:8      | Reached XP level 10. HP: 26/56 MP: 10/10
  7673 | D:8      | Noticed a deep elf mage
  7688 | D:8      | Killed a deep elf mage
  7688 | D:8      | Reached *** piety under Okawaru
  7852 | D:8      | Learned a level 1 spell: Confusing Touch
  7855 | D:8      | Learned a level 2 spell: Swiftness
  8116 | D:8      | Reached **** piety under Okawaru
  8201 | D:8      | Found a runed translucent gate.
  8201 | D:8      | Found a runed translucent gate.
  8205 | D:8      | Found a runed translucent gate.
  8205 | D:8      | Noticed AnimeWaifu's ghost (novice OpGl)
  8207 | D:8      | Found a viscous altar of Jiyva.
  8484 | D:9      | Reached skill level 1 in Dodging
  8525 | D:9      | Found a staircase to the Orcish Mines.
  8544 | D:9      | Found Qiesi's Weapon Emporium.
  8641 | D:9      | Found a shadowy altar of Dithmenos.
  9011 | D:9      | Got a shimmering chain mail
  9022 | D:9      | Identified the +3 chain mail of the True Pharaoh {Dex+4
                  | SInv} (You found it on level 9 of the Dungeon)
  9087 | D:9      | Reached XP level 11. HP: 62/62 MP: 11/11
  9575 | D:10     | Entered Level 10 of the Dungeon
  9817 | D:10     | Reached ***** piety under Okawaru
  9831 | D:10     | Reached skill level 5 in Fighting
  9831 | D:10     | Reached skill level 5 in Armour
  9831 | D:10     | Reached skill level 5 in Shields
  9867 | D:10     | Noticed an unseen horror
  9876 | D:10     | Killed an unseen horror
  9893 | D:10     | Found a shimmering blue altar of Sif Muna.
  9893 | D:10     | Noticed a fire giant
  9893 | D:10     | Noticed a flayed ghost
 10004 | D:11     | Received a gift from Okawaru
 10023 | D:11     | Got a shimmering broad axe {god gift}
 10024 | D:11     | Identified the +2 broad axe of Eromuec {drain, *Drain rN+
                  | Str+3} (Okawaru gifted it to you on level 11 of the
                  | Dungeon)
 10477 | D:11     | You fall into a shaft and drop 1 floor!
 10689 | D:12     | Noticed a cyclops
 10702 | D:12     | Killed a cyclops
 10829 | D:12     | Noticed a two-headed ogre
 10830 | D:12     | Noticed an ogre mage
 10835 | D:12     | Noticed a two-headed ogre
 10837 | D:12     | Killed a two-headed ogre
 10841 | D:12     | Killed an ogre mage
 10841 | D:12     | Received a gift from Okawaru
 10848 | D:12     | Killed a two-headed ogre
 10848 | D:12     | Reached XP level 12. HP: 13/71 MP: 12/12
 11123 | D:12     | Got a scorched broad axe {god gift}
 11125 | D:12     | Identified the +0 broad axe of the Maze {chop, rElec Int+4
                  | Dex+3} (Okawaru gifted it to you on level 12 of the
                  | Dungeon)
 11764 | D:13     | Noticed Erolcha
 11775 | D:13     | Killed Erolcha
 11963 | D:13     | Reached skill level 5 in Dodging
 12063 | D:13     | Reached ****** piety under Okawaru
 12145 | D:13     | Received a gift from Okawaru
 12179 | D:13     | Noticed a centaur warrior
 12194 | D:13     | Killed a centaur warrior
 12627 | D:13     | Noticed a centaur warrior
 12632 | D:13     | Killed a centaur warrior
 12833 | D:14     | Noticed a centaur warrior
 12841 | D:14     | Noticed a death knight
 12844 | D:14     | Noticed a tengu warrior
 12845 | D:14     | Killed a centaur warrior
 12862 | D:13     | Reached XP level 13. HP: 63/79 MP: 13/13
 12882 | D:13     | Received a gift from Okawaru
 13386 | D:14     | Noticed an ice dragon
 13472 | D:13     | Killed an ice dragon
 13727 | D:14     | Found a large runed translucent door.
 13730 | D:14     | Found a large runed translucent door.
 13819 | D:14     | Received a gift from Okawaru
 13994 | D:14     | Noticed Josephine
 14006 | D:14     | Killed Josephine
 14161 | D:14     | Noticed a fire giant
 14233 | D:14     | Found a gate to the Vaults.
 14502 | D:15     | Entered Level 15 of the Dungeon
 14517 | D:15     | Received a gift from Okawaru
 14526 | D:15     | Got a translucent plate armour {god gift}
 14528 | D:15     | Identified the +9 plate armour of Cugaaleti {Str+6}
                  | (Okawaru gifted it to you on level 15 of the Dungeon)
 14630 | D:15     | Reached skill level 10 in Fighting
 14630 | D:15     | Reached skill level 10 in Shields
 14635 | D:15     | Reached skill level 10 in Armour
 14737 | D:15     | Gained mutation: Your large and strong wings let you fly
                  | indefinitely. [Gargoyle growth]
 14737 | D:15     | Reached XP level 14. HP: 76/88 MP: 14/14
 14748 | D:15     | Found a staircase to the Depths.
 15117 | D:15     | Received a gift from Okawaru
 15142 | D:15     | Got a pair of ichor-stained boots {god gift}
 15148 | D:15     | Identified the +0 pair of boots of Azaez {rElec rPois}
                  | (Okawaru gifted it to you on level 15 of the Dungeon)
 15629 | D:15     | Found a shimmering blue altar of Sif Muna.
 16486 | D:10     | Found a hazy altar of Hepliaklqana.
 16716 | D:10     | Found a staircase to the Lair.
 16999 | D:4      | Killed astraldaughter's ghost
 17347 | D:6      | Killed qipq's ghost
 17480 | D:8      | Killed AnimeWaifu's ghost
 17632 | Lair:1   | Entered Level 1 of the Lair of Beasts
 17780 | Lair:1   | Found a runed translucent door.
 17782 | Lair:1   | Noticed BritishOli's ghost (journeyman DsMo)
 17814 | Lair:1   | Killed BritishOli's ghost
 18337 | Lair:1   | Noticed Sonja
 18349 | Lair:1   | Cast into level 2 of the Abyss (Sonja)
 18378 | Abyss:2  | Noticed an ancient lich
 18430 | Abyss:2  | Paralysed by you for 4 turns
 18459 | Abyss:2  | Noticed an Executioner
 18519 | Abyss:2  | Found a corrupted altar of Lugonu.
 18595 | Abyss:2  | Received a gift from Okawaru
 18650 | Abyss:2  | Reached XP level 15. HP: 80/95 MP: 15/15
 18691 | Abyss:2  | Found a snail-covered altar of Cheibriados.
 18760 | Abyss:2  | Noticed a tentacled starspawn
 18840 | Abyss:2  | Paralysed by accursed screaming for 1 turns
 19197 | Abyss:2  | Noticed a bone dragon
 19214 | Abyss:2  | Killed a bone dragon
 19220 | Lair:1   | Escaped the Abyss
 19851 | Lair:2   | Received a gift from Okawaru
 20132 | Lair:3   | Found a staircase to the Snake Pit.
 20415 | Lair:3   | Found a staircase to the Swamp.
 20547 | Lair:3   | You fall into a shaft and drop 2 floors!
 20651 | Lair:3   | Reached skill level 15 in Axes
 21938 | Lair:5   | Received a gift from Okawaru
 22628 | Lair:6   | Entered Level 6 of the Lair of Beasts
 22856 | Lair:6   | Found a dark tunnel.
 22874 | Volcano  | Entered a volcano
 23021 | Volcano  | Reached XP level 16. HP: 89/103 MP: 16/16
 23225 | Lair:6   | Received a gift from Okawaru
 23392 | Lair:6   | Found a staircase to the Slime Pits.
 23687 | Lair:6   | Identified the +9 battleaxe of Crystal {venom, Dex+2}
                  | (Okawaru gifted it to you on level 6 of the Lair of Beasts)
 23825 | Lair:6   | Reached skill level 10 in Dodging
 24157 | Snake:1  | Entered Level 1 of the Snake Pit
 24364 | Snake:1  | Found Hiasiome's Jewellery Boutique.
 24372 | Snake:1  | Bought an uncursed ring of resist corrosion for 280 gold
                  | pieces
 24402 | Snake:1  | Received a gift from Okawaru
 24413 | Snake:1  | Got a smoking hat {god gift}
 24419 | Snake:1  | Identified the +2 hat of Untruth {Str+4 Slay+3} (Okawaru
                  | gifted it to you on level 1 of the Snake Pit)
 24973 | Snake:2  | Learned a level 1 spell: Apportation
 25005 | Snake:2  | Found Beusiyng's Jewellery Boutique.
 25018 | Snake:2  | Bought the ring "Fetaxkod" {Wiz +Blink rF+ Dex+3} for 687
                  | gold pieces
 25306 | Snake:2  | Noticed Agnes
 25317 | Snake:2  | Killed Agnes
 25322 | Snake:2  | Reached XP level 17. HP: 94/110 MP: 17/17
 25628 | Snake:2  | Bought a +5 ring of evasion for 660 gold pieces
 25674 | Snake:3  | Noticed Mara
 25708 | Snake:3  | Received a gift from Okawaru
 25791 | Snake:3  | Noticed PentaManta's illusion
 25794 | Snake:3  | Killed Mara
 25794 | Snake:3  | Received a gift from Okawaru
 26528 | Snake:4  | Entered Level 4 of the Snake Pit
 26563 | Snake:4  | Received a gift from Okawaru
 26564 | Snake:4  | Found the +3 warlock's mirror {reflect}
 27533 | Snake:4  | Reached XP level 18. HP: 90/117 MP: 18/18
 27781 | Snake:4  | Received a gift from Okawaru
 28131 | Snake:4  | Found Xiegutwofi's Antique Armour Shoppe.
 28278 | Snake:4  | Reached skill level 15 in Armour
 28289 | Snake:4  | Reached skill level 15 in Fighting
 28292 | Snake:4  | Received a gift from Okawaru
 28297 | Snake:4  | Identified the cursed +0 ring mail of Hiacefu {Str+4}
 28471 | Snake:4  | Got a serpentine rune of Zot
 29274 | Orc:1    | Entered Level 1 of the Orcish Mines
 29996 | Orc:2    | Entered Level 2 of the Orcish Mines
 30114 | Orc:2    | Found a staircase to the Elven Halls.
 30146 | Orc:2    | Reached skill level 15 in Shields
 31433 | Orc:2    | Found Canuf's Assorted Antiques.
 31436 | Orc:2    | Found Feudetig's General Store.
 31437 | Orc:2    | Found Ihugur's Armour Shop.
 31438 | Orc:2    | Found Plog's Weapon Shop.
 31442 | Orc:2    | Bought a potion of curing for 39 gold pieces
 31445 | Orc:2    | Bought a potion of curing for 108 gold pieces
 31757 | Swamp:1  | Entered Level 1 of the Swamp
 31762 | Swamp:1  | Noticed Nikola
 31781 | Swamp:1  | Killed Nikola
 31781 | Swamp:1  | Received a gift from Okawaru
 32086 | Swamp:1  | Found an opulent altar of Gozag.
 32101 | Swamp:1  | Reached skill level 1 in Maces & Flails
 33157 | Swamp:3  | Identified the Grimoire of Fetching Heat
 33298 | Swamp:3  | Reached XP level 19. HP: 122/125 MP: 19/19
 34284 | Swamp:4  | Entered Level 4 of the Swamp
 34457 | Swamp:4  | Received a gift from Okawaru
 35276 | Swamp:4  | Received a gift from Okawaru
 35438 | Swamp:4  | Got a decaying rune of Zot
 35657 | Lair:1   | Killed Sonja
 35847 | Elf:1    | Entered Level 1 of the Elven Halls
 35930 | Elf:1    | Found a ruined gateway.
 35940 | Desolati | Entered the Desolation of Salt
 36275 | Desolati | Identified the cursed +3 rapier of Pride {flame, SInv}
 36392 | Desolati | Reached XP level 20. HP: 134/134 MP: 20/20
 36409 | Desolati | Got a dazzling crystal plate armour
 36410 | Desolati | Identified the +12 crystal plate armour "Enedy" {Int+4}
                  | (You found it in the Desolation of Salt)
 37000 | Desolati | Received a gift from Okawaru
 37018 | Desolati | Got an ichor-stained cloak {god gift}
 37024 | Desolati | Identified the +2 cloak of the Valley of Death {rElec
                  | Regen+ rCorr} (Okawaru gifted it to you in the Desolation
                  | of Salt)
 37107 | Desolati | Found the +2 pair of boots of the Assassin {Detection Stab+
                  | Stlth++}
 37139 | Desolati | Identified the Reference Book on Arcane Weapons
 37157 | Desolati | Identified the cursed +1 ring mail of Wajor {Int+2} (You
                  | found it in the Desolation of Salt)
 37407 | Desolati | Identified the Grimoire of the Excruciating Compass
 37418 | Desolati | Identified the +10 battleaxe "Adgheupt" {flame, rN++} (You
                  | found it in the Desolation of Salt)
 38098 | Elf:1    | Noticed Azrael
 38117 | Elf:1    | Killed Azrael
 38695 | Elf:2    | Found a runed translucent gate.
 38695 | Elf:2    | Found a runed translucent gate.
 38695 | Elf:2    | Found a runed translucent gate.
 38763 | Elf:2    | Found a radiant altar of Vehumet.
 38974 | Elf:2    | Received a gift from Okawaru
 38993 | Elf:2    | Identified the +7 morningstar "Imexkorph" {flame, rC+}
                  | (Okawaru gifted it to you on level 2 of the Elven Halls)
 39369 | Elf:3    | Entered Level 3 of the Elven Halls
 39684 | Elf:3    | Noticed a Tzitzimitl
 39785 | Elf:3    | HP: 6/136 [deep elf high priest/damnation (27)]
 39963 | Elf:2    | Received a gift from Okawaru
 39963 | Elf:2    | Reached XP level 21. HP: 122/141 MP: 21/21
 40110 | Elf:3    | Identified the +3 mace of Sloth {crush, rF+ rN+ Str+2}
 41131 | Elf:3    | Identified the Reference Book on Flight and Transmutation
 41564 | Elf:3    | Identified the ring "Ocwisa Wuew" {Wiz rC+ Str+3}
 42010 | Vaults:1 | Entered Level 1 of the Vaults
 42082 | D:14     | Found a shimmering blue altar of Sif Muna.
 42087 | D:14     | Found a radiant altar of Vehumet.
 42327 | Vaults:1 | Received a gift from Okawaru
 42914 | Vaults:1 | Received a gift from Okawaru
 43582 | Vaults:2 | Reached XP level 22. HP: 141/148 MP: 22/22
 43848 | Vaults:2 | Reached skill level 15 in Dodging
 44058 | Vaults:2 | Found Heushot's Jewellery Emporium.
 44481 | Vaults:3 | Found a staircase to the Crypt.
 44580 | Vaults:3 | Received a gift from Okawaru
 44593 | Vaults:3 | Identified the +5 hand axe "Ehorr" {vamp, rN+} (Okawaru
                  | gifted it to you on level 3 of the Vaults)
 45072 | Vaults:3 | Found Oterenk's Book Emporium.
 45073 | Vaults:3 | Found Jame Yzi's Gadget Emporium.
 45174 | Vaults:3 | Received a gift from Okawaru
 45209 | Vaults:3 | Got a pair of dazzling gloves {god gift}
 45215 | Vaults:3 | Identified the +3 pair of gloves "Muoggakh" {+Inv SInv}
                  | (Okawaru gifted it to you on level 3 of the Vaults)
 45241 | Vaults:3 | Found a gateway to a bazaar.
 45246 | Vaults:3 | Found Saidymoat's Jewellery Boutique.
 45256 | Vaults:3 | Bought the ring of Duuf {-Tele MR+++ Str-2 Int+8 SInv} for
                  | 482 gold pieces
 45274 | Vaults:3 | Bought the ring "Guit" {*Slow rElec rF+++ MR++ MP+9} for
                  | 861 gold pieces
 45314 | Bazaar   | Entered a bazaar
 45340 | Bazaar   | Found Hiduytuf's Book Shoppe.
 45378 | Bazaar   | Found Dafadd's Book Shop.
 45399 | Bazaar   | Found Iraivylei's Book Shoppe.
 45410 | Bazaar   | Found Syleq's Book Emporium.
 45634 | Vaults:3 | Found Sipa's General Store.
 46120 | Vaults:4 | Identified the +6 war axe of Valiance {flame, *Rage rElec
                  | rPois} (You found it on level 4 of the Vaults)
 46134 | Vaults:4 | Reached skill level 1 in Throwing
 46160 | Vaults:4 | Reached XP level 23. HP: 156/156 MP: 23/23
 46173 | Vaults:4 | Found Wyipigesch's General Store.
 46188 | Vaults:4 | Bought a scroll of teleportation for 42 gold pieces
 46550 | Vaults:4 | Received a gift from Okawaru
 46550 | Vaults:4 | Reached skill level 5 in Throwing
 46585 | Vaults:4 | Noticed Aizul
 46605 | Vaults:4 | Killed Aizul
 47154 | Vaults:5 | Entered Level 5 of the Vaults
 47276 | Vaults:5 | Noticed a golden dragon
 47301 | Vaults:4 | Killed a golden dragon
 47911 | Vaults:5 | Identified the +9 war axe of Embarrassment {antimagic,
                  | Int+7}
 47930 | Vaults:5 | Identified the +6 flail of Dishonesty {flame, rN+ Stlth+}
 47940 | Vaults:4 | Received a gift from Okawaru
 47974 | Vaults:4 | Reached XP level 24. HP: 72/164 MP: 23/23
 47978 | Vaults:4 | Got a brightly glowing broad axe {god gift}
 47980 | Vaults:4 | Identified the +12 broad axe "Dezihed" {chop, +Inv rElec
                  | Str+4} (Okawaru gifted it to you on level 4 of the Vaults)
 48199 | Vaults:5 | Noticed Frederick
 48206 | Vaults:5 | Killed from afar by a frost giant

Levels and vault maps discovered:
D:1:      psy_arrival_radial01, layout_basic
D:2:      layout_basic, nicolae_overflow_hidden_temple, uniq_natasha
D:3:      layout_loops_ring, tgw_trog, grunt_gozag_breadcrumbs,
          dk_yredelemnul_ordeal
D:4:      layout_basic, serial_shops, shop, gammafunk_ghost_arena,
          dk_noncrumbling_2, chequers_serial_rivers_micro_b,
          minmay_pentomino_pile
D:5:      layout_layer_cave, gammafunk_temple_overflow_statue, first_ration
D:6:      layout_basic, minmay_temple_entry_stoned_glass,
          gammafunk_ghost_nasty_kobolds
D:7:      layout_basic, basic_altar, serial_bayou_pond_e, grunt_ogre_cave,
          hex_medium, uniq_harold
D:8:      hangedman_cross_veins, layout_loops_corners, gammafunk_ghost_ooze
D:9:      layout_stronghold, grunt_dithmenos_smoke_and_mirrors, orc_david_3
D:10:     layout_roguey, grunt_lair_entry_orc_guard_hut, jmf_multi_god_temple
D:11:     layout_stronghold
D:12:     layout_stronghold
D:13:     layout_cave_pods, uniq_erolcha
D:14:     layout_roguey, david_vaults_4, kennysheep_cross_bottleneck,
          serial_bayou_pond_e, jmf_multi_god_temple2, uniq_josephine
D:15:     grunt_enter_depths_magical_seal, layout_small_grid,
          lemuel_blue_sif_altar
Temple:   regret_index_temple_sphere_string
Lair:1:   minmay_lair_venomous_thicket, layout_gridlike,
          ebering_ghost_inner_flame, infiniplex_staircase_pool_2, uniq_sonja
Lair:2:   layout_regular_city
Lair:3:   layout_regular_city, swamp_mist_pool,
          minmay_snake_entry_guardpost_small
Lair:4:   layout_hall_layers
Lair:5:   layout_gridlike, grunt_megastairs_5, infiniplex_staircase_pool
Lair:6:   minmay_lair_end_frog_pond, layout_cave_pods,
          minmay_slime_entry_pillars, nicolae_volcano_entry_lava_flow
Swamp:1:  layout_basic_swamp, lemuel_altar_in_water, swamp_pool1, uniq_nikola
Swamp:2:  layout_basic_swamp, hangedman_swamp_ruin_wall
Swamp:3:  nicolae_swamp_phyte_club, layout_falls_marsh, evilmike_swamp_ruin_wall
Swamp:4:  swamp_vile, layout_basic_swamp, swamp_pool2
Snake:1:  layout_onion_interference, special_room, serial_shops, shop_fountains
Snake:2:  onia_ninara_swampy_vault, layout_rooms, serial_shops, shop,
          nicolae_snake_springs, uniq_agnes
Snake:3:  layout_onion_interference, uniq_mara
Snake:4:  snake_pit, layout_onion, serial_shops, shop, grunt_megastairs_4
Orc:1:    layout_diamond_mine
Orc:2:    st_orc_pillars, layout_diamond_mine
Elf:1:    elf_arrival_002, layout_geoelf_diagonals,
          portal_desolation_entry_nicolae_nacl, minmay_elf_crystal_hexagon,
          minmay_misc_feat_cross, uniq_azrael
Elf:2:    layout_geoelf_grid, basic_altar
Elf:3:    minmay_elf_hall_not_hex, layout_onion_city,
          hangedman_elf_power_crystal
Vaults:1: vaults_room_octagon, vaults_room_fancy_cross,
          nicolae_vaults_little_squares_3, ontoclasm_vaults_eye,
          nicolae_vaults_hallways_thing, v_alt_pattern_1, vaults_mumra_hexcomb,
          vaults_room_large_hall, layout_vaults_omnigrid
Vaults:2: nicolae_vaults_stairing_the_circle, v_pattern_5, v_misc_29,
          nicolae_vaults_yaktaur_gun_rack, ontoclasm_vaults_twist,
          v_alt_pattern_2, vaults_mumra_chevron_long, ontoclasm_vaults_fault,
          grunt_vaults_twisty, vaults_room_stairs_pillars,
          nicolae_vaults_statue_guard, layout_vaults_ring, serial_shops,
          nicolae_shop_stone
Vaults:3: vaults_standard_mumra_enter_the_diamond, ontoclasm_vaults_pinch,
          minmay_crypt_entry_simple_plaza, grunt_vaults_swirl,
          grunt_vaults_funnel, v_misc_17, ontoclasm_vaults_misaligned,
          vaults_mumra_hex, v_misc_17, nicolae_vaults_little_squares_2,
          vaults_room_door_hall, layout_vaults_omnicross, serial_shops,
          bzr_in_the_mist, nicolae_shop_waterfront, shop_fountains,
          nicolae_shop_waterfront, shop_fountains
Vaults:4: vaults_dpeg_spiral, nicolae_vaults_mini_display_case,
          hangedman_vaults_maws, vaults_mumra_chevron,
          nicolae_vaults_shelves_hall, hangedman_vaults_stretched_pinwheel,
          hangedman_vaults_impose, ontoclasm_vaults_misaligned,
          hangedman_vaults_river_flow, v_misc_26, v_alt_pattern_6,
          ontoclasm_vaults_ring_large, nicolae_vaults_circle_grid_a, v_misc_1,
          layout_vaults_maze_bifur, serial_shops, shop, uniq_aizul
Vaults:5: uniq_frederick

Skill      XL: |  1  2  3  4  5  6  7  8  9 10 11 12 13 14 15 16 17 18 19 20 21 22 23 24 |
---------------+-------------------------------------------------------------------------+-----
Axes           | 2 3 4 5 6 8 11 12 13 14 15 | 15.9
Dodging        | 1 4 5 7 8 9 10 11 12 13 14 15 16 | 16.4
Fighting       | 4 6 8 10 11 12 13 14 15 17 18 19 20 | 20.6
Armour         | 4 6 8 10 11 12 13 14 15 17 18 19 20 | 20.6
Shields        | 4 6 8 10 11 12 13 14 15 16 17 18 19 | 19.1
Maces & Flails | 3 |  3.8
Throwing       | 2 5 |  5.0

Action                   |  1- 3 |  4- 6 |  7- 9 | 10-12 | 13-15 | 16-18 | 19-21 | 22-24 || total
-------------------------+-------+-------+-------+-------+-------+-------+-------+-------++-------
Melee: War axe           |    80 |     4 |       |    40 |       |       |       |       ||   124
       Dagger            |    58 |    65 |       |       |       |       |       |       ||   123
       Whip              |       |   154 |   175 |       |       |       |       |       ||   329
       Hand axe          |       |       |   235 |   344 |       |       |       |       ||   579
       Broad axe         |       |       |       |   367 |  1022 |   384 |   696 |   883 ||  3352
       Battleaxe         |       |       |       |       |       |   420 |       |       ||   420
       Demon whip        |       |       |       |       |       |   357 |   759 |   139 ||  1255
Throw: Dart              |    14 |    20 |    20 |       |    12 |       |       |       ||    66
       Throwing net      |       |       |       |       |     5 |       |     6 |       ||    11
Invok: Heroism           |       |       |       |       |       |     1 |     1 |     3 ||     5
 Abil: Evoke Berserk Rag |       |       |       |       |     1 |       |       |       ||     1
       Fly               |       |       |       |       |     1 |     1 |       |       ||     2
       Stop Flying       |       |       |       |       |       |     1 |       |       ||     1
Evoke: Wand              |       |       |       |       |    12 |     1 |       |       ||    13
  Use: Scroll            |       |    14 |       |    16 |    12 |    18 |     6 |    11 ||    77
       Potion            |       |       |       |       |     8 |     3 |     2 |     1 ||    14
 Stab: Invisible         |       |       |       |       |     1 |       |       |       ||     1
       Paralysed         |       |       |       |       |     1 |       |       |       ||     1
       Distracted        |       |       |       |       |       |       |       |     1 ||     1
  Eat: Chunk             |       |     7 |    11 |    15 |    19 |    19 |    11 |    13 ||    95
       Ration            |       |       |     1 |     2 |     5 |     4 |     7 |     1 ||    20
Armor: Scale mail        |   111 |    96 |   148 |    93 |    10 |       |       |       ||   458
       Skin              |       |       |     1 |       |    13 |       |       |       ||    14
       Chain mail        |       |       |       |   243 |    83 |       |       |       ||   326
       Plate armour      |       |       |       |       |   468 |   774 |   201 |       ||  1443
       Acid dragon scale |       |       |       |       |     8 |       |       |       ||     8
       Crystal plate arm |       |       |       |       |       |       |   359 |   466 ||   825
Dodge: Dodged            |    47 |    52 |    92 |   193 |   363 |   954 |   415 |   391 ||  2507
       Deflected         |       |       |       |       |       |     4 |       |       ||     4
Block: Shield            |    95 |    99 |   158 |   395 |   732 |    67 |       |       ||  1546
       Large shield      |       |       |       |       |       |   191 |  1586 |  1379 ||  3156
       Buckler           |       |       |       |       |       |   110 |       |       ||   110
       Reflection        |       |       |       |       |       |    16 |       |   129 ||   145

Table legend:
 A = Non-vault XP
 B = Vault XP
 C = Vault XP percentage of total XP
 D = Non-vault monster count
 E = Vault monster count
 F = Vault count percentage of total count
                 A         B        C        D         E       F
            +---------+---------+-------+---------+---------+-------
      Total |  430013 |  430491 |  50.0 |    1164 |     692 |  37.3
            +---------+---------+-------+---------+---------+-------
        D:1 |      44 |       0 |   0.0 |      23 |       0 |   0.0
        D:2 |     242 |      33 |  12.0 |      21 |       1 |   4.5
        D:3 |      27 |     245 |  90.1 |      12 |       7 |  36.8
        D:4 |     236 |     534 |  69.4 |      13 |       7 |  35.0
        D:5 |     229 |       0 |   0.0 |      11 |       0 |   0.0
        D:6 |     944 |    1693 |  64.2 |      26 |      11 |  29.7
        D:7 |     442 |    1110 |  71.5 |      12 |       2 |  14.3
        D:8 |    2764 |    2717 |  49.6 |      31 |      23 |  42.6
        D:9 |    1502 |     154 |   9.3 |      24 |       8 |  25.0
       D:10 |    3654 |    2180 |  37.4 |      40 |       7 |  14.9
       D:11 |    1589 |       0 |   0.0 |      23 |       0 |   0.0
       D:12 |    7191 |       0 |   0.0 |      51 |       0 |   0.0
       D:13 |   13184 |    2804 |  17.5 |      42 |       5 |  10.6
       D:14 |    7898 |    6509 |  45.2 |      23 |      10 |  30.3
       D:15 |   12772 |    7061 |  35.6 |      30 |       9 |  23.1
     Lair:1 |    3247 |    3600 |  52.6 |      11 |      15 |  57.7
     Lair:2 |    2796 |       0 |   0.0 |      11 |       0 |   0.0
     Lair:3 |    8435 |     323 |   3.7 |      28 |       2 |   6.7
     Lair:4 |    2158 |       0 |   0.0 |       5 |       0 |   0.0
     Lair:5 |    3436 |    1157 |  25.2 |      13 |       3 |  18.8
     Lair:6 |   13916 |   12091 |  46.5 |      39 |      50 |  56.2
    Swamp:1 |    3851 |    3910 |  50.4 |      10 |       1 |   9.1
    Swamp:2 |   12584 |       0 |   0.0 |      34 |       0 |   0.0
    Swamp:3 |   18307 |    7049 |  27.8 |      42 |       6 |  12.5
    Swamp:4 |   17380 |   22126 |  56.0 |      52 |      30 |  36.6
    Snake:1 |   20760 |       0 |   0.0 |      41 |       0 |   0.0
    Snake:2 |   12591 |   10699 |  45.9 |      25 |      25 |  50.0
    Snake:3 |   19104 |   16402 |  46.2 |      38 |      12 |  24.0
    Snake:4 |   16951 |   23835 |  58.4 |      32 |      44 |  57.9
      Orc:1 |    2916 |       0 |   0.0 |      39 |       0 |   0.0
      Orc:2 |    2932 |   11774 |  80.1 |      28 |      69 |  71.1
      Elf:1 |   14219 |    9009 |  38.8 |      24 |      20 |  45.5
      Elf:2 |    8838 |   35812 |  80.2 |      12 |      36 |  75.0
      Elf:3 |   15699 |   30419 |  66.0 |      28 |      21 |  42.9
   Vaults:1 |   27016 |    2908 |   9.7 |      46 |       4 |   8.0
   Vaults:2 |   34141 |   19186 |  36.0 |      47 |      27 |  36.5
   Vaults:3 |   31595 |   23232 |  42.4 |      50 |      31 |  38.3
   Vaults:4 |   57729 |   77688 |  57.4 |      87 |      72 |  45.3
   Vaults:5 |   14589 |   29261 |  66.7 |      23 |      18 |  43.9
    Abyss:2 |   12105 |       0 |   0.0 |      17 |       0 |   0.0
    Volcano |       0 |    5840 | 100.0 |       0 |       6 | 100.0
 Desolation |       0 |   59130 | 100.0 |       0 |     110 | 100.0
            +---------+---------+-------+---------+---------+-------
